 Dungeon Crawl Stone Soup version 0.28.0-62-gf88900778d (webtiles) character file.

Game seed: 13900069062680728310

57 cbfl8 the Skirmisher (level 3, -1/29 HPs)
             Began as a Demonspawn Fighter on Jan 17, 2024.
             Slain by a gnoll
             ... wielding a +0 flail
              (10 damage)
             ... on level 2 of the Dungeon.
             The game lasted 00:00:39 (1130 turns).

cbfl8 the Skirmisher (Demonspawn Fighter)           Turns: 1130, Time: 00:00:40

Health: -1/29      AC:  6    Str: 16    XL:     3   Next: 73%
Magic:  3/3        EV:  8    Int:  9    God:
Gold:   96         SH:  5    Dex: 16    Spells: 2/2 levels left

rFire   . . .      SeeInvis .   a - +0 war axe
rCold   . . .      Faith    .   c - +0 buckler
rNeg    . . .      Spirit   .   b - +0 scale mail
rPois   .          Reflect  .   (no helmet)
rElec   .          Harm     .   (no cloak)
rCorr   .          Rampage  .   (no gloves)
Will    .....                   (no boots)
Stlth   +.........              (no amulet)
HPRegen 0.09/turn               (no ring)
MPRegen 0.08/turn               (no ring)

@: no status effects
A: claws 1, thin skeletal structure 1
a: no special abilities


You were on level 2 of the Dungeon.
You visited 1 branch of the dungeon, and saw 2 of its levels.

You collected 96 gold pieces.

Inventory:

Hand Weapons
 a - a +0 war axe (weapon)
Armour
 b - a +0 scale mail (worn)
 c - a +0 buckler (worn)
Jewellery
 h - an amulet of the acrobat
Scrolls
 f - a scroll of identify {unknown}
Potions
 d - a potion of might
 e - a potion of curing {unknown}
 g - a potion of haste {unknown}


   Skills:
 + Level 3.5 Fighting
 + Level 2.6 Axes
 + Level 3.0 Armour
 + Level 2.8 Shields
 * Level 1.1 Evocations


You had 2 spell levels left.
You didn't know any spells.
Your spell library contained the following spells:

 Spells                   Type           Power      Damage    Failure   Level
 Animate Skeleton         Necr           0%         N/A       88%         1
 Pain                     Necr           0%         1d4       88%         1
 Vampiric Draining        Necr           0%         2d6       99%         3


Dungeon Overview and Level Annotations

Branches:
Dungeon (2/15)

Altars:


Innate Abilities, Weirdness & Mutations

You have sharp fingernails.
You have a somewhat thin skeletal structure. (Dex +2, Stealth+)


Message History

You slash the gnoll!
You kill the gnoll!
A gnoll comes into view. It is wielding a +0 flail.
Your Evocations skill increases to level 1!
There are monsters nearby!
You block the gnoll's attack.
A gnoll comes into view. It is wielding a +0 flail.
You see here a +0 club.
You slash the gnoll!
The gnoll is almost dead.
The gnoll barely misses you.
Unknown command.
You slash the gnoll!
You kill the gnoll!
You hit the gnoll but do no damage. The gnoll barely misses you.
Your Armour skill increases to level 3!
Unknown command.
Unknown command.
You barely miss the gnoll. You closely miss the gnoll.
The gnoll barely misses you. The gnoll closely misses you.
You block the gnoll's attack. The gnoll hits you with a +0 flail.
Unknown command.
You slash the gnoll!
The gnoll is almost dead.
You hit the gnoll. You block the gnoll's attack.
The gnoll hits you with a +0 flail!
Unknown command.
You closely miss the gnoll.
The gnoll is almost dead.
You hit the gnoll. The gnoll hits you with a +0 flail. x2
An endoplasm comes into view.
Unknown command.
You are too injured to fight recklessly!
You are too injured to fight recklessly!
The gnoll barely misses you.
The endoplasm quivers.
You barely miss the gnoll.
The gnoll is almost dead.
The gnoll hits you with a +0 flail!
You die...

# .# ?#########.#
......>.)J.#######
#.J)........#
#g###.#####.# ####
#g# # #.# #...
#@### ##(###.##
#.#...####...##.##
#.#.#.............
#.#.######...##.##
#.#.# ##.###.##
#.#.# #.# #..>
#.#.#######.# #..#
#.....[.....# #..#
###.###########..#


You could see 2 gnolls and an endoplasm.

Vanquished Creatures
  2 gnolls (D:2)
  A howler monkey skeleton (D:2)
  3 ball pythons (D:1)
  5 endoplasms (D:1)
  A goblin (D:1)
  4 hobgoblins (D:1)
  2 kobolds (D:1)
  4 bats (D:1)
  2 frilled lizards (D:1)
  3 rats (D:1)
27 creatures vanquished.

Notes
Turn   | Place    | Note
-------+----------+-------------------------------------------
     0 | D:1      | cbfl8 the Demonspawn Fighter began the quest for the Orb.
     0 | D:1      | Reached XP level 1. HP: 18/18 MP: 1/1
   269 | D:1      | Gained mutation: You have a somewhat thin skeletal
                  | structure. (Dex +2, Stealth+) [demonic ancestry]
   269 | D:1      | Reached XP level 2. HP: 16/24 MP: 2/2
  1000 | D:2      | Gained mutation: You have sharp fingernails. [demonic
                  | ancestry]
  1000 | D:2      | Reached XP level 3. HP: 22/29 MP: 3/3
  1120 | D:2      | Reached skill level 1 in Evocations
  1130 | D:2      | Slain by a gnoll

Illustrated notes

Levels and vault maps discovered:
D:1:      dpeg_arrival_court, layout_basic
D:2:      layout_loops_ring, corexii_item_surrounded_by_moat, minivault_4

Skill      XL: |  1  2  3 |
---------------+----------+-----
Axes           | 2 |  2.6
Evocations     | 1 |  1.1
Armour         | 3 |  3.0
Fighting       | |  3.5
Shields        | |  2.8

Action                   || total
-------------------------++-------
Melee: War axe           ||    64
 Stab: Sleeping          ||     1
Armor: Scale mail        ||    37
Dodge: Dodged            ||    39
Block: Buckler           ||    13
